 Dungeon Crawl Stone Soup version 0.21.1-1-g345015fe64 (webtiles) character file.

66315 KingHarkinian the Severer (level 14, 0/137 HPs)
             Began as a Minotaur Berserker on Apr 17, 2018.
             Was a High Priest of Trog.
             Slain by a tarantella (2 damage)
             ... on level 2 of the Spider Nest.
             The game lasted 01:41:20 (24263 turns).

KingHarkinian the Severer (Minotaur Berserker)     Turns: 24263, Time: 01:41:20

Health: 0/137      AC: 24    Str: 25    XL:     14   Next: 78%
Magic:  0/13       EV: 13    Int:  4    God:    Trog [*****.]
Gold:   2590       SH:  0    Dex: 12    Spells: 13/13 levels left

rFire    . . .     SeeInvis .   e - +5 battleaxe (flame)
rCold    . . .     Gourm    .   (shield currently unavailable)
rNeg     . . .     Faith    .   C - +1 plate armour
rPois    +         Spirit   +   (helmet restricted)
rElec    .         Reflect  .   f - +2 cloak
rCorr    .         Harm     .   p - +1 pair of gloves
MR       ++++.                  (no boots)
Stlth    ..........             W - amulet of guardian spirit
HPRegen  1.32/turn              m - ring of protection from magic
MPRegen  0.13/turn              o - ring of poison resistance

@: confused, lethally poisoned (0 -> -1), regenerating
A: retaliatory headbutt, horns 2
a: Berserk, Trog's Hand, Brothers in Arms, Burn Spellbooks, Renounce Religion


You were on level 2 of the Spider Nest.
You worshipped Trog.
Trog was extremely pleased with you.
You were near starving.

You visited 5 branches of the dungeon, and saw 23 of its levels.
You also visited: Bailey.

You collected 3289 gold pieces.
You spent 699 gold pieces at shops.


Innate Abilities, Weirdness & Mutations

You reflexively headbutt those who attack you in melee.
You have a pair of horns on your head.


   Skills:
 * Level 16.0 Fighting
 + Level 17.3 Axes
 * Level 15.9 Armour
 + Level 10.9 Dodging


You had 13 spell levels left.
You didn't know any spells.

Inventory:

Hand Weapons
 e - a +5 battleaxe of flaming (weapon)
Missiles
 a - 11 tomahawks
 g - 581 stones (quivered)
 h - 8 curare-tipped needles {=f}
 r - 5 javelins of penetration
 Z - 8 throwing nets {=f}
Armour
 f - a +2 cloak (worn)
 p - a +1 pair of gloves (worn)
 C - a +1 plate armour (worn)
Jewellery
 i - a +6 ring of strength
 l - an uncursed ring of flight
 m - a ring of protection from magic (left hand)
 o - a ring of poison resistance (right hand)
 x - an uncursed ring of stealth
 y - an uncursed ring of ice
 G - a +2 ring of dexterity
 L - an uncursed ring of fire
 W - an amulet of guardian spirit (around neck)
Wands
 w - a wand of disintegration (14)
 A - a wand of acid (17)
 I - a wand of iceblast (19)
 P - a wand of paralysis (12)
 V - a wand of flame (41)
 Y - a wand of random effects (28)
Scrolls
 b - 2 scrolls of immolation {!r}
 u - 3 scrolls of fear
 B - 4 scrolls of blinking
 T - 11 scrolls of teleportation {@r4}
 U - a scroll of fog
Potions
 c - 6 potions of agility
 d - 4 potions of heal wounds {@q2}
 j - 3 potions of might
 q - a potion of ambrosia
 s - 3 potions of resistance
 H - a potion of haste {@q3}
 J - 4 potions of lignification {!q}
 Q - 8 potions of curing {@q1}
 S - 3 potions of flight
Miscellaneous
 X - a phial of floods
Comestibles
 z - 35 rations

Dungeon Overview and Level Annotations

Branches:
Dungeon (12/15)            Temple (1/1) D:6            Lair (6/6) D:8
 Shoals (0/4) Lair:2       Spider (2/4) Lair:4        Slime (0/5) Lair:6
    Orc (2/2) D:9             Elf (0/3) Orc:2

Altars:
Ashenzari
Cheibriados
Dithmenos
Elyvilon
Fedhas
Gozag
Hepliaklqana
Kikubaaqudgha
Makhleb
Nemelex Xobeh
Okawaru
Qazlal
Ru
Sif Muna
Trog
Uskayaw
Vehumet
Wu Jian
Xom
Yredelemnul
Zin
The Shining One
Jiyva

Shops:
D:7 *   D:9 (!*([   Orc:2 =??}

Portals:
Trove: D:10 (give +6 demon whip)

Annotations:
Lair:1 exclusion: oklob plant

#...# (#^#..
##. .s ... s
#....s ....
##... s#s..# ..
#........#.#s!.
......#........
......†s..^..s.
#<..@#
#..s.†......
#.#..........
#^#..?#.s.....
..... .......
...... ....#..
#...=.. ..... .
##..... ...#..


You could see an orb spider, 3 jumping spiders, 2 tarantellas and 4 redbacks.


Message History

You feel sick. The tarantella closely misses you. You furiously retaliate!
You headbutt the tarantella, but do no damage.
The tarantella bites you.
* * * LOW HITPOINT WARNING * * *
You are confused.
The redback moves out of view.
The tarantella bites you but does no damage.
A jumping spider comes into view.
You bump into the rock wall.
You feel sick. The tarantella barely misses you.
The tarantella bites you but does no damage.
The tarantella closely misses you. The tarantella closely misses you.
The tarantella bites you.
* * * LOW HITPOINT WARNING * * *
The tarantella misses you. 2 redbacks come into view.
Your plate armour prevents you from hitting the tarantella.
You barely miss the tarantella. You hit the tarantella.
You burn the tarantella.
You kill the tarantella!
Trog accepts your kill.
* * * LOW HITPOINT WARNING * * *
You feel sick. The tarantella bites you.
You die...

Action                   |  1- 3 |  4- 6 |  7- 9 | 10-12 | 13-15 || total
-------------------------+-------+-------+-------+-------+-------++-------
Melee: Hand axe          |    86 |    79 |   170 |       |       ||   335
       Headbutt          |    10 |    13 |    59 |   140 |   110 ||   332
       War axe           |       |       |   103 |   325 |       ||   428
       Battleaxe         |       |       |       |   301 |   439 ||   740
       Whip              |       |       |       |     3 |       ||     3
Throw: Stone             |    49 |    47 |    62 |   253 |   202 ||   613
       Tomahawk          |       |    22 |    51 |    70 |     9 ||   152
       Javelin           |       |       |       |    15 |       ||    15
Invok: Berserk           |       |     2 |     5 |     7 |     7 ||    21
       Trog's Hand       |       |     1 |     4 |     4 |     7 ||    16
       Burn Spellbooks   |       |       |     1 |     3 |       ||     4
       Brothers in Arms  |       |       |       |     3 |     4 ||     7
  Use: Scroll            |       |     3 |     6 |    16 |     8 ||    33
       Potion            |       |       |     3 |     1 |     6 ||    10
  Eat: Chunk             |     1 |     7 |    19 |    41 |    31 ||    99
       Ration            |       |       |       |     1 |       ||     1
Armor: Animal skin       |     8 |       |       |       |       ||     8
       Scale mail        |    10 |    30 |    60 |       |       ||   100
       Plate armour      |       |       |    29 |   255 |   264 ||   548
Dodge: Dodged            |    51 |    32 |   129 |   248 |   261 ||   721

Vault maps used:
D:1:      matt_arrival_spirals
D:2:      cheibrodos_greedy_goblins, chequers_ecumenical_altar_simple,
          first_ration, lemuel_old_faithful
D:4:      hangedman_decor_peaks_small, uniq_grinder, uniq_pikel
D:5:      overflow_temple_1_default, chei_slow_surprise
D:6:      minmay_temple_entry_trees, uniq_sigmund
D:7:      enter_bailey_2, serial_shops, shop, the_bakery
D:8:      minmay_lair_entry_lava
D:9:      david_orc_4, serial_shops, shop, nicolae_shop_trees, shop_statue,
          shop, shop, xom_shifter_show
D:10:     nicolae_trove_entry_free_sample, lemuel_flamethrower_2
Temple:   kilobyte_greek_temple
Lair:1:   lemuel_slime
Lair:2:   minmay_shoals_entry_lonely_mermaid
Lair:3:   st_stairs_4
Lair:4:   nicolae_spider_entry_orb_guardian, infiniplex_staircase_pool,
          grunt_megastairs_3
Lair:5:   ldierk_geyser, grunt_megastairs_2
Lair:6:   grunt_lair_end_beastmaster, slime_altar_1, uniq_rupert
Spider:1: mumra_spider_spiderweb, portal_ice_cave_entry_pillars_1
Spider:2: hive_lemuel, nicolae_spider_cling_halls
Orc:2:    st_orc_elflike
Bailey:   bailey_polearm_gnolls_kennysheep, bailey

Notes
Turn   | Place    | Note
-------+----------+-------------------------------------------
     0 | D:1      | KingHarkinian the Minotaur Berserker began the quest for the Orb.
     0 | D:1      | Reached XP level 1. HP: 19/19 MP: 0/0
    65 | D:1      | Reached skill level 4 in Axes
   179 | D:1      | Reached XP level 2. HP: 26/26 MP: 1/1
   356 | D:1      | Reached skill level 5 in Axes
   436 | D:1      | Reached XP level 3. HP: 31/31 MP: 2/2
   791 | D:2      | Reached ** piety under Trog
  1064 | D:2      | Found a faded altar of an unknown god.
  1210 | D:2      | Reached skill level 6 in Axes
  1210 | D:2      | Reached XP level 4. HP: 39/39 MP: 3/3
  2069 | D:4      | Noticed Grinder
  2086 | D:4      | Killed Grinder
  2086 | D:4      | Reached skill level 8 in Axes
  2086 | D:4      | Reached XP level 5. HP: 19/45 MP: 4/4
  2086 | D:4      | Reached XP level 6. HP: 21/51 MP: 5/5
  2130 | D:4      | Reached skill level 9 in Axes
  2319 | D:4      | Noticed a slave
  2339 | D:4      | Killed a slave
  2490 | D:4      | Reached *** piety under Trog
  2553 | D:4      | Reached XP level 7. HP: 57/57 MP: 6/6
  2706 | D:4      | Noticed Pikel
  2763 | D:4      | Reached skill level 10 in Axes
  2769 | D:4      | Killed Pikel
  2769 | D:4      | Reached skill level 11 in Axes
  2769 | D:4      | Reached XP level 8. HP: 50/64 MP: 7/7
  3214 | D:5      | Entered Level 5 of the Dungeon
  3262 | D:5      | Reached skill level 12 in Axes
  3912 | D:5      | Found a snail-covered altar of Cheibriados.
  4168 | D:5      | Found a radiant altar of Vehumet.
  4421 | D:6      | Noticed Sigmund
  4427 | D:6      | Killed Sigmund
  4427 | D:6      | Reached skill level 13 in Axes
  4966 | D:6      | Reached XP level 9. HP: 70/70 MP: 8/8
  5266 | D:6      | Found a staircase to the Ecumenical Temple.
  5294 | Temple   | Entered the Ecumenical Temple
  5597 | D:7      | Reached skill level 14 in Axes
  5640 | D:7      | Reached skill level 4 in Fighting
  5640 | D:7      | Reached skill level 3 in Armour
  5651 | D:7      | Found a flagged portal.
  5661 | Bailey   | Entered a bailey
  5895 | Bailey   | Reached **** piety under Trog
  6148 | Bailey   | Reached skill level 4 in Armour
  6148 | Bailey   | Reached skill level 3 in Dodging
  6154 | Bailey   | Reached skill level 5 in Fighting
  6250 | Bailey   | Reached skill level 5 in Armour
  6526 | D:7      | Found Vihit's Assorted Antiques.
  6549 | D:7      | Bought a scroll of teleportation for 69 gold pieces
  6549 | D:7      | Bought a viscous sapphire potion for 20 gold pieces
  6549 | D:7      | Bought a glowing silvery potion for 20 gold pieces
  6549 | D:7      | Bought a scroll of identify for 46 gold pieces
  6549 | D:7      | Bought 3 scrolls of teleportation for 207 gold pieces
  6549 | D:7      | Bought a blue potion for 20 gold pieces
  6551 | D:7      | Identified 3 potions of resistance
  6682 | D:7      | Noticed a two-headed ogre
  6690 | D:7      | Killed a two-headed ogre
  6690 | D:7      | Reached skill level 6 in Fighting
  6690 | D:7      | Reached skill level 6 in Armour
  6690 | D:7      | Reached skill level 4 in Dodging
  6690 | D:7      | Reached XP level 10. HP: 40/84 MP: 9/9
  7091 | D:8      | Found a staircase to the Lair.
  7246 | D:8      | Reached skill level 7 in Fighting
  7652 | D:8      | Noticed a two-headed ogre
  7659 | D:8      | Killed a two-headed ogre
  7659 | D:8      | Reached skill level 7 in Armour
  7885 | D:8      | Reached skill level 5 in Dodging
  8100 | D:8      | Reached skill level 8 in Fighting
  8505 | D:9      | Found Pyfihi Igick's Antique Weapon Shop.
  8561 | D:9      | Found Biyqaipy's Antique Weapon Shop.
  8572 | D:9      | Found Eroor's Assorted Antiques.
  8639 | D:9      | Reached skill level 8 in Armour
  8650 | D:9      | Found Faiza's Antique Armour Shop.
  8730 | D:9      | Bought a scroll labeled JUSEROTROIKH for 27 gold pieces
  8894 | D:9      | Reached ***** piety under Trog
  8915 | D:9      | Found Roph's Distillery.
  8957 | D:9      | Bought a potion of curing for 48 gold pieces
  8957 | D:9      | Bought a potion of agility for 64 gold pieces
  8957 | D:9      | Bought a potion of lignification for 48 gold pieces
  8957 | D:9      | Bought a potion of lignification for 48 gold pieces
  9125 | D:9      | Found a staircase to the Orcish Mines.
  9268 | D:9      | Reached skill level 9 in Fighting
  9381 | D:9      | Found a shimmering altar of Xom.
  9381 | D:9      | Found a shimmering altar of Xom.
  9381 | D:9      | Found a shimmering altar of Xom.
  9382 | D:9      | Found a shimmering altar of Xom.
  9383 | D:9      | Found a shimmering altar of Xom.
  9383 | D:9      | Found a shimmering altar of Xom.
  9426 | D:10     | Entered Level 10 of the Dungeon
  9772 | D:10     | Noticed a gargoyle
  9811 | D:11     | Reached XP level 11. HP: 90/97 MP: 10/10
  9968 | D:11     | Noticed asdpro's ghost (journeyman GrBe)
 10003 | D:11     | Reached skill level 9 in Armour
 10110 | D:10     | Reached skill level 15 in Axes
 10209 | D:10     | Reached skill level 6 in Dodging
 10314 | D:10     | Found a portal to a secret trove of treasure.
 10912 | D:11     | Noticed a five-headed hydra
 11028 | D:11     | Killed asdpro's ghost
 11258 | D:11     | Killed a five-headed hydra
 11258 | D:11     | Reached skill level 10 in Fighting
 11400 | D:11     | Received a gift from Trog
 11732 | D:11     | Reached skill level 10 in Armour
 12278 | D:12     | Noticed a deep elf mage
 12281 | D:12     | Noticed a soul eater
 12284 | D:12     | Killed a deep elf mage
 12284 | D:12     | Reached skill level 7 in Dodging
 12499 | D:12     | Reached skill level 11 in Fighting
 13041 | Lair:1   | Entered Level 1 of the Lair of Beasts
 13091 | Lair:1   | Reached skill level 11 in Armour
 13477 | Lair:1   | Reached XP level 12. HP: 110/110 MP: 11/11
 14393 | Lair:2   | Noticed a catoblepas
 14404 | Lair:2   | Killed a catoblepas
 14575 | Lair:2   | Received a gift from Trog
 14580 | Lair:2   | Reached skill level 12 in Fighting
 15058 | Lair:2   | Found a staircase to the Shoals.
 15230 | Lair:3   | Reached skill level 8 in Dodging
 15345 | Lair:3   | Reached skill level 12 in Armour
 15396 | Lair:3   | Noticed a seven-headed hydra
 15406 | Lair:3   | Killed a seven-headed hydra
 15967 | Lair:4   | Reached skill level 16 in Axes
 16192 | Lair:4   | Identified a scroll of acquirement
 16838 | Lair:4   | Found a hole to the Spider Nest.
 16967 | Lair:4   | Reached skill level 13 in Fighting
 17157 | Lair:5   | Got a crystal battleaxe
 17158 | Lair:5   | Identified the +4 battleaxe "Unlonomu" {chop, *Drain rN+ Int+2} (You acquired it on level 5 of the Lair of Beasts)
 17225 | Lair:5   | Reached skill level 13 in Armour
 17225 | Lair:5   | Reached XP level 13. HP: 120/122 MP: 12/12
 17813 | Lair:5   | Reached skill level 9 in Dodging
 18442 | Lair:6   | Entered Level 6 of the Lair of Beasts
 18483 | Lair:6   | Noticed beardedkeet's ghost (journeyman MiBe)
 18533 | Lair:6   | Noticed Rupert
 18541 | Lair:6   | Killed Rupert
 18597 | Lair:6   | Found a viscous altar of Jiyva.
 18597 | Lair:6   | Found a staircase to the Slime Pits.
 18691 | Lair:6   | Reached skill level 14 in Fighting
 19143 | Lair:6   | Killed beardedkeet's ghost
 19143 | Lair:6   | Reached skill level 14 in Armour
 19428 | Lair:6   | Received a gift from Trog
 20150 | Orc:1    | Entered Level 1 of the Orcish Mines
 20349 | Orc:1    | Reached skill level 10 in Dodging
 20425 | Orc:1    | Reached XP level 14. HP: 125/133 MP: 11/13
 20968 | Orc:2    | Entered Level 2 of the Orcish Mines
 21466 | Orc:2    | Found a staircase to the Elven Halls.
 22003 | Orc:2    | Paralysed by an orc sorcerer for 6 turns
 22272 | Orc:2    | Reached skill level 15 in Fighting
 22652 | Orc:2    | Reached skill level 15 in Armour
 22665 | Orc:2    | Paralysed by an orc sorcerer for 3 turns
 23069 | Orc:2    | Reached skill level 17 in Axes
 23133 | Orc:2    | Found Xod Valibrit's Gadget Boutique.
 23133 | Orc:2    | Found Loifuav's Magic Scroll Boutique.
 23134 | Orc:2    | Found Xauchasa's Jewellery Emporium.
 23140 | Orc:2    | Found Ratan's Magic Scroll Emporium.
 23154 | Orc:2    | Bought a scroll of blinking for 82 gold pieces
 23464 | Spider:1 | Entered Level 1 of the Spider Nest
 23525 | Spider:1 | Noticed an entropy weaver
 23778 | Spider:1 | Received a gift from Trog
 24157 | Spider:1 | HP: 9/136 [redback (10)]
 24217 | Spider:1 | Received a gift from Trog
 24226 | Spider:1 | HP: 13/136 [poisoned by a redback]
 24248 | Spider:1 | Reached skill level 16 in Fighting
 24258 | Spider:2 | HP: 10/137 [wolf spider (6)]
 24262 | Spider:2 | HP: 3/137 [tarantella (5)]
 24263 | Spider:2 | Slain by a tarantella

Vanquished Creatures
  The ghost of beardedkeet the Basher, a journeyman MiBe of Trog (Lair:6)
  An ettin (Orc:2)
  4 hydras
  2 catoblepae
  3 two-headed ogres
  A deep troll shaman (Lair:6)
  3 orc high priests (Orc:2)
  4 death yaks (Lair:6)
  Pikel (D:4)
  A lindwurm (Lair:5)
  3 orb spiders
  5 orc knights
  5 orc sorcerers
  11 wolf spiders
  2 cyclopes (D:12)
  A moth of wrath (Spider:1)
  A deep elf mage (D:12)
  A black mamba (Lair:1)
  A merfolk siren (Lair:2)
  10 elephants
  A gargoyle (D:10)
  7 spiny frogs
  8 komodo dragons
  A demonic crawler (Spider:1)
  A polar bear (Lair:6)
  Grinder (D:4)
  6 jumping spiders (Spider:1)
  3 trolls
  14 dream sheep
  5 hippogriffs
  35 redbacks (Spider:1)
  Sigmund (D:6)
  A spriggan (D:7)
  4 tarantellas
  A shadow (D:11)
  29 yaks
  A basilisk (Lair:1)
  2 wyverns (D:9)
  A steam dragon (D:6)
  2 hungry ghosts
  A warg (Orc:1)
  10 water moccasins
  2 hell hounds (D:8)
  5 porcupines
  17 orc warriors
  An eye of draining (D:12)
  2 ice beasts
  3 sky beasts
  4 slaves
  A black bear (D:9)
  A necrophage (D:9)
  9 ogres
  5 phantoms
  4 centaurs
  14 wolves
  10 crocodiles
  A big kobold (D:11)
  18 bullfrogs
  A wyvern zombie (D:10)
  8 gnoll sergeants (Bailey)
  A water moccasin zombie (D:7)
  4 scorpions
  15 killer bees
  An electric eel (Lair:4)
  3 howler monkeys
  9 jellies
  6 crimson imps
  A bullfrog zombie (D:5)
  A quasit (D:12)
  7 hounds
  16 orc priests
  6 gnoll shamans (Bailey)
  An iron imp (D:5)
  19 orc wizards
  3 bullfrog skeletons
  4 iguanas
  5 worker ants
  4 hell rats (Lair:5)
  A hound skeleton (D:9)
  A worker ant zombie (D:5)
  18 gnolls
  A howler monkey skeleton (D:7)
  8 adders
  2 shadow imps
  10 oozes (Lair:1)
  An adder zombie (D:8)
  3 adder skeletons
  2 worms (D:2)
  A dart slug (D:1)
  4 leopard geckos
  46 orcs
  4 giant cockroaches
  15 goblins
  17 hobgoblins
  20 jackals
  5 quokkas
  3 bats
  2 frilled lizards
  8 kobolds
  A leopard gecko zombie (D:5)
  A quokka skeleton (D:4)
  7 rats
  4 fungi
  7 plants
600 creatures vanquished.

Vanquished Creatures (collateral kills)
  Rupert (Lair:6)
  The ghost of asdpro the Cleaver, a journeyman GrBe of Trog (D:11)
  A hydra (D:11)
  2 dream sheep (Lair:6)
  A shadow (D:11)
  A water moccasin (Lair:6)
  2 howler monkeys (D:11)
9 creatures vanquished.

Vanquished Creatures (others)
  2 killer bees (D:10)
  An orc priest (D:10)
  An orc wizard (D:10)
  An orc (D:10)
  11 fungi
  6 plants (Lair:5)
22 creatures vanquished.

Grand Total: 631 creatures vanquished
